 Dungeon Crawl Stone Soup version 0.26-b1-32-g5d43845318 (webtiles) character file.

Game seed: 15602757125558144440

23331 nikku the Fighter (level 12, 0/175 HPs)
             Began as a Minotaur Berserker on Jan 13, 2021.
             Was a High Priest of Trog.
             Slain by a 12-headed hydra (4 damage)
             ... on level 3 of the Lair of Beasts.
             The game lasted 00:36:35 (15029 turns).

nikku the Fighter (Minotaur Berserker)             Turns: 15029, Time: 00:36:35

Health: 0/175      AC: 19    Str: 33    XL:     12   Next: 70%
Magic:  11/11      EV:  8    Int:  4    God:    Trog [*****.]
Gold:   827        SH: 13    Dex: 14    Spells: 11/11 levels left

rFire    + . .     SeeInvis .   n - +2 broad axe of the Unliving {drain, Dex+4}
rCold    . . .     Faith    .   o - +0 kite shield
rNeg     . . .     Spirit   .   j - +0 plate armour
rPois    .         Reflect  .   (helmet restricted)
rElec    .         Harm     .   (no cloak)
rCorr    .         Rampage  .   (no gloves)
Will     ++...                  m - +2 pair of boots
Stlth    ..........             (no amulet)
HPRegen  1.39/turn              e - +6 ring of strength
MPRegen  0.12/turn              q - ring of protection from fire

@: berserking, regenerating, very quick
A: retaliatory headbutt, horns 2
a: Renounce Religion, Berserk, Trog's Hand, Brothers in Arms


You were on level 3 of the Lair of Beasts.
You worshipped Trog.
Trog was extremely pleased with you.
You visited 2 branches of the dungeon, and saw 15 of its levels.

You collected 1295 gold pieces.
You spent 468 gold pieces at shops.

Inventory:

Hand Weapons
 n - the +2 broad axe of the Unliving (weapon) {drain, Dex+4}
   (You bought it in a shop on level 9 of the Dungeon)

   A truly terrible weapon, it drains the life of those it strikes.
   It affects your dexterity (+4).
 s - a +1 broad axe
Armour
 b - a +1 buckler of reflection
 j - a +0 plate armour (worn)
 m - a +2 pair of boots (worn)
 o - a +0 kite shield (worn)
Jewellery
 e - a +6 ring of strength (left hand)
 q - a ring of protection from fire (right hand)
Scrolls
 d - 2 scrolls of remove curse
 h - 2 scrolls of fear
 k - 4 scrolls of teleportation
 t - a scroll of magic mapping
 u - a scroll of identify
 v - 2 scrolls of fog
 y - 2 scrolls of enchant weapon
Potions
 a - a potion of attraction
 c - a potion of lignification
 f - 3 potions of might
 g - 3 potions of haste
 i - a potion of ambrosia
 l - a potion of mutation
 p - a potion of cancellation
 r - a potion of heal wounds
 x - 3 potions of curing


   Skills:
 + Level 14.0 Fighting
 + Level 14.0 Axes
 + Level 13.8 Armour
 - Level 2.1 Dodging
 + Level 8.3 Shields


You had 11 spell levels left.
You didn't know any spells.
Your spell library was empty.

Dungeon Overview and Level Annotations

Branches:
Dungeon (12/15)            Temple (0/1) D:7            Lair (3/6) D:10
  Swamp (0/4) Lair:2          Orc (0/2) D:11
  Snake: Lair:2-4    Spider: Lair:2-4

Altars:
Cheibriados
Kikubaaqudgha
Wu Jian
The Shining One

Shops:
D:4 [   D:7 }   D:9 ([([

Annotations:
D:11 exclusion: orange crystal statue
D:12 Kirke


Innate Abilities, Weirdness & Mutations

You reflexively headbutt those who attack you in melee.
You have a pair of horns on your head.


Message History

* * * LOW HITPOINT WARNING * * *
You hack one of the 11-headed hydra's heads off!
The ten-headed hydra grows two more!
You slash the 12-headed hydra! You drain the 12-headed hydra.
The 12-headed hydra is moderately wounded.
You miss the blink frog. The blink frog hits you.
* * * LOW HITPOINT WARNING * * *
There is a stone staircase leading up here.
You feel a strong urge to attack something.
You block the 12-headed hydra's attack.
The 12-headed hydra bites you but does no damage.
You block the 12-headed hydra's attack. x3; The 12-headed hydra bites you.
* * * LOW HITPOINT WARNING * * *
The 12-headed hydra barely misses you. The 12-headed hydra bites you.
* * * LOW HITPOINT WARNING * * *
The 12-headed hydra bites you but does no damage.
You block the 12-headed hydra's attack. The 12-headed hydra bites you!
* * * LOW HITPOINT WARNING * * *
The 12-headed hydra bites you.
You die...

##.... #..
.#.#... ##..
......# ... #.
#..... .. ...
##....#. ....
#....#.# ....
#..†#.#..#..#
#..†D@.......
...F...F........
##.#.P#.###.####
###### #


You could see a 12-headed hydra (drained) and 2 blink frogs.

Vanquished Creatures
  Harold (D:8)
  A hydra (Lair:2)
  The ghost of denisd0 the Destroyer, a novice OpCj of Vehumet (D:10)
  Nergalle (Lair:1)
  A bog body (Lair:2)
  The ghost of MisterFreud the Frost Mage, a novice DsIE of Hepliaklqana (D:7)
  The ghost of Nattefrost the Slasher, a novice HuFi of Makhleb (D:5)
  2 ugly things
  A cyclops (D:12)
  2 black mambas (Lair:2)
  6 cane toads
  8 komodo dragons
  An efreet (D:10)
  Grinder (D:3)
  2 trolls
  Prince Ribbit (D:9)
  12 blink frogs
  A vampire (D:7)
  2 wyverns (D:10)
  A wraith (D:9)
  Sigmund (D:3)
  6 yaks (Lair:1)
  A fire bat (D:11)
  Grum (D:8)
  A basilisk (Lair:2)
  2 hogs (D:11)
  2 steam dragons
  2 swamp worms (Lair:2)
  3 wargs (D:11)
  3 water moccasins
  5 black bears
  4 orc warriors
  An eye of draining (D:8)
  2 ice beasts
  7 ogres
  7 phantoms
  A necrophage (D:9)
  3 wolves (D:8)
  4 centaurs
  Blork the orc (D:6)
  12 bullfrogs
  A big kobold (D:8)
  A wyvern zombie (D:10)
  4 scorpions
  A wyvern skeleton (D:10)
  A killer bee (D:8)
  19 wights
  10 howler monkeys
  4 centaur zombies
  2 quasits
  2 bullfrog zombies (D:7)
  2 hounds
  4 jellies
  3 bullfrog skeletons
  11 orc priests
  3 centaur skeletons
  Terence (D:3)
  An iguana (D:7)
  7 orc wizards
  11 worker ants
  A killer bee zombie (D:6)
  A centaur simulacrum (D:7)
  A hound zombie (D:7)
  A hound skeleton (D:10)
  8 gnolls
  A howler monkey skeleton (D:4)
  11 adders
  2 shadow imps (D:10)
  2 white imps (D:6)
  3 ufetubi
  2 oozes
  2 adder skeletons
  3 worms (D:2)
  2 dart slugs (D:1)
  5 leopard geckos
  28 orcs
  2 ball pythons
  6 bats
  5 giant cockroaches
  9 goblins
  11 hobgoblins
  9 jackals
  11 kobolds
  6 quokkas
  5 frilled lizards
  A jackal skeleton (D:6)
  2 leopard gecko skeletons
  A quokka zombie (D:6)
  12 rats
357 creatures vanquished.

Vanquished Creatures (others)
  A human (D:6)
  2 orc wizards
  3 fungi
  12 plants
18 creatures vanquished.

Grand Total: 375 creatures vanquished

Notes
Turn   | Place    | Note
-------+----------+-------------------------------------------
     0 | D:1      | nikku the Minotaur Berserker began the quest for the Orb.
     0 | D:1      | Reached XP level 1. HP: 19/19 MP: 0/0
   276 | D:1      | Reached XP level 2. HP: 27/27 MP: 1/1
   498 | D:1      | Reached XP level 3. HP: 33/33 MP: 2/2
  1360 | D:2      | Reached ** piety under Trog
  1721 | D:2      | Reached XP level 4. HP: 30/41 MP: 3/3
  2253 | D:3      | Noticed Grinder
  2276 | D:3      | Killed Grinder
  2277 | D:3      | Reached skill level 5 in Fighting
  2277 | D:3      | Reached skill level 5 in Axes
  2277 | D:3      | Reached XP level 5. HP: 26/49 MP: 4/4
  2277 | D:3      | Reached XP level 6. HP: 29/56 MP: 5/5
  2533 | D:3      | Reached skill level 5 in Armour
  2678 | D:3      | Noticed Terence
  2685 | D:3      | Killed Terence
  3258 | D:3      | Noticed Sigmund
  3273 | D:3      | Killed Sigmund
  3274 | D:3      | Reached XP level 7. HP: 63/63 MP: 6/6
  3388 | D:4      | Found Ynac's Armour Shoppe.
  3531 | D:4      | Bought a +1 buckler of reflection for 189 gold pieces
  3551 | D:4      | Reached skill level 1 in Shields
  4505 | D:5      | Entered Level 5 of the Dungeon
  4688 | D:5      | Found a transporter.
  4689 | D:5      | Noticed Nattefrost's ghost (novice HuFi)
  4697 | D:5      | Found the +10 Black Knight's barding {ponderous, rPois rN+}
  4704 | D:5      | Reached *** piety under Trog
  4705 | D:5      | Reached XP level 8. HP: 73/73 MP: 7/7
  4716 | D:5      | Killed Nattefrost's ghost
  4720 | D:5      | Found a transporter.
  5894 | D:6      | Reached XP level 9. HP: 45/82 MP: 8/8
  6644 | D:6      | Found an ornate altar of the Wu Jian Council.
  6672 | D:6      | Noticed Blork the orc
  6681 | D:6      | Killed Blork the orc
  6706 | D:6      | Found an ancient bone altar of Kikubaaqudgha.
  7039 | D:7      | Found a runed translucent gate.
  7474 | D:7      | Noticed a red ugly thing
  7494 | D:7      | Killed a red ugly thing
  7495 | D:7      | Reached skill level 10 in Fighting
  7497 | D:7      | Reached skill level 10 in Axes
  7845 | D:7      | Found a staircase to the Ecumenical Temple.
  8083 | D:7      | Found a runed translucent gate.
  8083 | D:7      | Found a runed translucent gate.
  8132 | D:7      | Noticed MisterFreud's ghost (novice DsIE)
  8145 | D:7      | Killed MisterFreud's ghost
  8146 | D:7      | Reached skill level 10 in Armour
  8146 | D:7      | Reached XP level 10. HP: 94/94 MP: 9/9
  8336 | D:7      | Found a snail-covered altar of Cheibriados.
  8405 | D:7      | Found Cedan's Gadget Emporium.
  8506 | D:8      | Reached **** piety under Trog
  9169 | D:8      | Noticed Grum
  9176 | D:8      | Killed Grum
  9445 | D:8      | Noticed Harold
  9450 | D:8      | Killed Harold
 10186 | D:9      | Noticed Prince Ribbit
 10190 | D:9      | Killed Prince Ribbit
 10191 | D:9      | Reached XP level 11. HP: 104/104 MP: 10/10
 10197 | D:9      | Found Byegae Geati's Antique Armour Boutique.
 10216 | D:9      | Found Zonae's Antique Weapon Shop.
 10272 | D:9      | Found Kufeabb's Antique Weapon Shop.
 10280 | D:9      | Bought a crystal broad axe for 279 gold pieces
 10280 | D:9      | Identified the cursed +2 broad axe of the Unliving {drain,
                  | Dex+4} (You bought it in a shop on level 9 of the Dungeon)
 10470 | D:9      | Found Duyd Igumn's Antique Armour Shoppe.
 10482 | D:10     | Entered Level 10 of the Dungeon
 10509 | D:10     | You fall into a shaft and drop 2 floors!
 10608 | D:12     | Noticed a death knight
 10609 | D:12     | Noticed a fire dragon
 10610 | D:12     | Found the +7 great mace "Firestarter" {inner flame, rF++}
 10615 | D:12     | Noticed Kirke
 10619 | D:11     | Noticed a red ugly thing
 10630 | D:11     | Killed a red ugly thing
 10854 | D:11     | Noticed an orange crystal statue
 10963 | D:11     | Found a staircase to the Orcish Mines.
 11013 | D:10     | Found a glowing golden altar of the Shining One.
 11111 | D:10     | Reached ***** piety under Trog
 11190 | D:10     | Found a runed translucent gate.
 11190 | D:10     | Found a runed translucent gate.
 11190 | D:10     | Found a runed translucent gate.
 11190 | D:10     | Noticed denisd0's ghost (novice OpCj)
 11202 | D:10     | Killed denisd0's ghost
 11766 | D:10     | Reached skill level 5 in Shields
 12189 | D:10     | Found a staircase to the Lair.
 12388 | Lair:1   | Entered Level 1 of the Lair of Beasts
 12799 | Lair:1   | Reached XP level 12. HP: 92/115 MP: 11/11
 13262 | Lair:1   | Noticed Nergalle
 13269 | Lair:1   | Killed Nergalle
 14039 | Lair:2   | Noticed an eight-headed hydra
 14045 | Lair:2   | Killed a ten-headed hydra
 14045 | Lair:2   | Received a gift from Trog
 14288 | Lair:2   | Found a staircase to the Swamp.
 15015 | Lair:3   | Noticed an eight-headed hydra
 15029 | Lair:3   | HP: 4/175 [12-headed hydra (7)]
 15029 | Lair:3   | Slain by a 12-headed hydra

Illustrated notes

Levels and vault maps discovered:
D:1:      lemuel_arrival_room, layout_loops_cross
D:2:      layout_loops_cross, st_stairs_6, minmay_tetromino_s4
D:3:      layout_basic, kennysheep_cluttered_room, minmay_tree_intersection,
          minmay_misc_feat_enclosed, minmay_quantized, uniq_sigmund,
          uniq_grinder, uniq_terence
D:4:      layout_loops_cross, serial_shops, shop, serial_bayou_lagoon_b
D:5:      layout_basic, gammafunk_ghost_mausoleum, zaba_anthole
D:6:      layout_basic, basic_altar, tgw_kikubaaqudgha, uniq_blork_the_orc
D:7:      hangedman_cross_stitches, layout_loops_ring, kennysheep_mini,
          minmay_temple_entry_drinking_statues, serial_shops, shop,
          gammafunk_ghost_necromancy, kennysheep_generic_room_3
D:8:      minmay_slanted_spiral_squares, layout_basic, kennysheep_small_square,
          uniq_harold, uniq_grum
D:9:      layout_cave_pools, serial_shops, nicolae_shop_crystal,
          kennysheep_mini_moat, nicolae_shop_behind_doors, nicolae_shop_crystal,
          uniq_prince_ribbit1
D:10:     minmay_wavy_crystal, layout_basic, erik_lair_dragon, basic_altar,
          ebering_ghost_rock_garden
D:11:     layout_loops_ring, minmay_orc_entry_guard_dogs, basic_altar,
          minmay_protected_statue
D:12:     minmay_firetagon, layout_irregular_city, uniq_kirke
Lair:1:   layout_long_grid, grunt_megastairs_5, uniq_nergalle
Lair:2:   layout_cave_pods, skrybe_swamp_entry_bodies, minivault_26,
          worms_lemuel, lemuel_fruit_tree
Lair:3:   layout_regular_city, nicolae_spider_entry_tight_spaces

Skill      XL: |  1  2  3  4  5  6  7  8  9 10 11 12 |
---------------+-------------------------------------+-----
Fighting       | 4 5 6 7 8 10 11 13 14 | 14.0
Axes           | 4 5 6 7 8 10 11 13 14 | 14.0
Armour         | 3 4 5 6 8 10 11 12 13 | 13.8
Shields        | 2 4 6 8 |  8.3
Dodging        | |  2.1

Action                   |  1- 3 |  4- 6 |  7- 9 | 10-12 || total
-------------------------+-------+-------+-------+-------++-------
Melee: Hand axe          |    89 |    57 |   191 |       ||   337
       Headbutt          |    15 |    12 |    60 |   102 ||   189
       Broad axe         |       |       |   116 |   382 ||   498
       War axe           |       |       |    14 |       ||    14
Invok: Berserk           |     3 |     1 |     6 |     5 ||    15
       Trog's Hand       |       |     1 |     9 |    11 ||    21
  Use: Scroll            |     2 |     3 |    11 |    15 ||    31
       Potion            |       |       |       |     2 ||     2
 Stab: Sleeping          |     2 |       |       |       ||     2
Armor: Animal skin       |    20 |     1 |       |       ||    21
       Chain mail        |       |     9 |   149 |       ||   158
       Plate armour      |       |       |     6 |   224 ||   230
       Skin              |       |       |       |     5 ||     5
Dodge: Dodged            |    58 |    28 |   113 |   151 ||   350
Block: Buckler           |       |       |    68 |    50 ||   118
       Reflection        |       |       |     2 |     5 ||     7
       Kite shield       |       |       |       |   116 ||   116
